 Dungeon Crawl Stone Soup version 0.22-a0-293-gc9362ec4a2 (webtiles) character file.

36 Infinimo the Digger (level 3, 0/19 HPs)
             Began as a Gargoyle Earth Elementalist on Mar 24, 2018.
             Slain by Sigmund
             ... wielding a +0 scythe
              (8 damage)
             ... on level 2 of the Dungeon.
             The game lasted 00:02:24 (1795 turns).

Infinimo the Digger (Gargoyle Earth Elementalist)   Turns: 1795, Time: 00:02:24

Health: 0/19       AC:  5    Str: 11    XL:     3   Next: 37%
Magic:  4/6        EV: 12    Int: 16    God:
Gold:   55         SH:  0    Dex: 10    Spells: 2/6 levels left

rFire    . . .     SeeInvis .   i - +0 whip
rCold    . . .     Gourm    .   (no shield)
rNeg     + . .     Faith    .   c - +0 robe
rPois    ∞         Spirit   .   (no helmet)
rElec    +         Reflect  .   (no cloak)
rCorr    .         Harm     .   (no gloves)
MR       .....                  (no boots)
Stlth    ++........             (no amulet)
HPRegen  0.06/turn              (no ring)
MPRegen  0.10/turn              (no ring)

@: no status effects
A: negative energy resistance 1, electricity resistance, unbreathing,
petrification resistance, rot immunity, AC +3
a: no special abilities


You were on level 2 of the Dungeon.
You were not hungry.

You visited 1 branch of the dungeon, and saw 2 of its levels.

You collected 55 gold pieces.

Inventory:

Hand Weapons
 f - a +0 hunting sling
 i - a +0 whip (weapon)
Missiles
 b - 53 stones (quivered)
Armour
 c - a +0 robe (worn)
Scrolls
 a - a scroll of remove curse {unknown}
 e - 3 scrolls of amnesia {unknown}
 g - a scroll of enchant armour {unknown}
 h - a scroll of noise {unknown}
 k - a scroll of fog {unknown}
 l - a scroll of teleportation {unknown}
 o - a scroll of blinking {unknown}
Potions
 j - 2 potions of brilliance {unknown}
 m - a potion of heal wounds {unknown}
Comestibles
 d - 2 rations
 n - a chunk of flesh


   Skills:
 + Level 0.2 Fighting
 - Level 1.5 Dodging
 - Level 2.1 Stealth
 + Level 2.4 Spellcasting
 * Level 0.4 Conjurations
   Level 0.7 Transmutations
 * Level 4.7 Earth Magic


You had 2 spell levels left.
You knew the following spells:

 Your Spells              Type           Power        Failure   Level  Hunger
a - Sandblast             Erth           ###...       2%          1    #......
b - Stone Arrow           Conj/Erth      ##....       21%         3    ###....


Dungeon Overview and Level Annotations

Branches:
Dungeon (2/15)

Altars:
Qazlal

Annotations:
D:2 Sigmund


Innate Abilities, Weirdness & Mutations

You are resistant to torment.
Your stone body is resilient. (AC +3)
You are immune to poison.
You resist negative energy. (rN+)
You are resistant to electric shocks. (rElec)
You can survive without breathing.
You are immune to petrification.
You are immune to rotting.


Message History

Confirm with . or Enter, or press ? or * to list all spells.
Aiming: Sandblast (safe; 2% risk of failure)
Press: ? - help, Shift-Dir - straight line, f - Sigmund
Aim: Sigmund, wielding a scythe and wearing a robe The blast of sand hits Sigmund.
Sigmund is lightly wounded.
b - 54 stones The ooze quivers.
Sigmund hits you from afar with a scythe!
Ouch! That really hurt!
Casting: Sandblast (safe; 2% risk of failure)
Confirm with . or Enter, or press ? or * to list all spells.
Aiming: Sandblast (safe; 2% risk of failure)
Press: ? - help, Shift-Dir - straight line, f/p - Sigmund
Aim: Sigmund, wielding a scythe and wearing a robe (lightly wounded)
The blast of sand hits Sigmund.
Sigmund is moderately wounded.
b - 53 stones Sigmund hits you from afar with a scythe!
You die...

#.# #.# #.#
############
#.###..........#
#...........##.#####.#
#..##.#####...........
##.##.# ####.#####.
#.##.# #.#
##.##.########@#
#...........##.#
#..##.........@J
#.(##.#####.#....
#..##.# ......
###..##.#######......
.....##..........#..%.
####.##.#######......##
#.##.###########.


You could see Sigmund and an ooze.

Vanquished Creatures
  An adder (D:2)
  An ooze (D:1)
  A dart slug (D:1)
  2 leopard geckos (D:1)
  2 giant cockroaches
  2 goblins
  A hobgoblin (D:1)
  4 bats (D:1)
  A frilled lizard (D:1)
  4 kobolds
  A rat (D:1)
20 creatures vanquished.

Notes
Turn   | Place    | Note
-------+----------+-------------------------------------------
     0 | D:1      | Infinimo the Gargoyle Earth Elementalist began the quest for the Orb.
     0 | D:1      | Reached XP level 1. HP: 10/10 MP: 3/3
   549 | D:1      | Reached skill level 4 in Earth Magic
   549 | D:1      | Reached XP level 2. HP: 15/15 MP: 5/5
  1414 | D:2      | Noticed Sigmund
  1436 | D:1      | Reached XP level 3. HP: 13/19 MP: 6/6
  1532 | D:2      | Learned a level 3 spell: Stone Arrow
  1583 | D:2      | Found a stormy altar of Qazlal.
  1795 | D:2      | Slain by Sigmund

Vault maps used:
D:1:      dpeg_arrival_chambers_temple_mockup
D:2:      nicolae_qazlal_general_emergency, uniq_sigmund, uniq_robin

Skill      XL: |  1 |
---------------+----+-----
Earth Magic    | 4 |  4.7
Fighting       | |  0.2
Dodging        | |  1.5
Stealth        | |  2.1
Spellcasting   | |  2.4
Conjurations   | |  0.4
Transmutations | |  0.7

Action                   || total
-------------------------++-------
Melee: Unarmed           ||    19
       Hand axe          ||     4
       Whip              ||    24
 Fire: Hunting sling     ||    55
 Cast: Sandblast         ||    10
  Eat: Ration            ||     1
Armor: Robe              ||    35
Dodge: Dodged            ||    57

Table legend:
 A = Spawn XP
 B = Non-spawn XP
 C = Spawn XP percentage of total XP
 D = Spawn monster count
 E = Non-spawn monster count
 F = Spawn count percentage of total count
 G = Total turns spent on level
                    A         B        C        D         E        F      G
               +---------+---------+-------+---------+---------+-------+---------
         Total |       0 |      52 |   0.0 |       0 |      20 |   0.0 |  1795
               +---------+---------+-------+---------+---------+-------+---------
           D:1 |       0 |      33 |   0.0 |       0 |      16 |   0.0 |  1441
           D:2 |       0 |      19 |   0.0 |       0 |       4 |   0.0 |   354
               +---------+---------+-------+---------+---------+-------+---------
